 Dungeon Crawl Stone Soup version 0.17-a0-2198-g482c6e3 (webtiles) character file.

131 Ordine the Magician (level 4, -3/24 HPs)
             Began as a Deep Elf Wizard on Oct 26, 2015.
             Killed by divine providence
             ... invoked by an orc priest
              (12 damage)
             ... on level 3 of the Dungeon.
             The game lasted 00:09:14 (2039 turns).

Ordine the Magician (Deep Elf Wizard)               Turns: 2039, Time: 00:09:15

Health: -3/24      AC:  4    Str:  4    XL:     4   Next: 91%
Magic:  5/13       EV: 12    Int: 24    God:
Gold:   204        SH:  0    Dex: 13    Spells: 5 memorised, 2 levels left

rFire  . . .     SeeInvis .     i - +0 dagger
rCold  . . .     Clarity  +     a - +0 robe
rNeg   . . .     SustAt   .     (no shield)
rPois  .         Gourm    .     b - +0 hat
rElec  .         Spirit   .     h - +1 cloak
rCorr  .         Warding  .     (no gloves)
rMut   .         Stasis   .     (no boots)
MR     .....                    n - amulet of clarity
Stlth  ++........               (no ring)
                                (no ring)

@: very slightly contaminated, repel missiles, not resistant to hostile
enchantments, unstealthy
A: no striking features
a: no special abilities


You were on level 3 of the Dungeon.
You were not hungry.

You visited 1 branch of the dungeon, and saw 3 of its levels.

You collected 204 gold pieces.

Inventory:

Hand Weapons
 i - a +0 dagger (weapon)
Armour
 a - a +0 robe (worn)
 b - a +0 hat (worn)
 h - a +1 cloak (worn)
Jewellery
 n - an amulet of clarity (around neck)
Scrolls
 e - a scroll of enchant weapon
 l - a scroll of amnesia
Potions
 j - 2 potions of might {unknown}
 k - 2 potions of curing
 m - a potion of beneficial mutation {unknown}
 p - a potion of haste {unknown}
 q - a potion of lignification {unknown}
Books
 c - a book of Minor Magic

   Spells                             Type                      Level
   a - Magic Dart                     Conjuration                  1
   b - Blink                          Translocation                2
   c - Call Imp                       Summoning                    2
   d - Repel Missiles                 Charms/Air                   2
   e - Slow                           Hexes                        2
   f - Conjure Flame                  Conjuration/Fire             3
   g - Mephitic Cloud                 Conjuration/Poison/Air       3
Comestibles
 d - 3 bread rations
 f - 9 fruits
 o - a chunk of flesh


   Skills:
 + Level 0.1 Fighting
 + Level 0.4 Short Blades
 + Level 0.1 Armour
 - Level 2.4 Dodging
 - Level 2.4 Stealth
 + Level 5.2 Spellcasting
 + Level 4.0 Conjurations
   Level 1.1 Summonings
 * Level 1.4 Translocations
 + Level 0.7 Fire Magic
 + Level 1.0 Air Magic


You had 2 spell levels left.
You knew the following spells:

 Your Spells              Type           Power        Failure   Level  Hunger
a - Magic Dart            Conj           ####         1%          1    None
b - Blink                 Tloc           N/A          10%         2    None
c - Repel Missiles        Chrm/Air       #.....       12%         2    None
d - Conjure Flame         Conj/Fire      ###.....     12%         3    ##.....
e - Mephitic Cloud        Conj/Pois/Air  ##......     17%         3    ##.....


Dungeon Overview and Level Annotations

Branches:
Dungeon (3/15)

Altars:
Dithmenos
Nemelex Xobeh
Okawaru
Qazlal
Sif Muna


Message History

The orc priest is lightly wounded.
Casting: Magic Dart
Confirm with . or Enter, or press ? or * to list all spells.
Aiming: Magic Dart
Press: ? - help, Shift-Dir - straight line, f/p - orc priest
Aim: an orc priest, wielding a falchion and wearing a scale mail (lightly wounded)
The magic dart hits the orc priest.
The orc priest is lightly wounded.
The orc priest closely misses you.
Casting: Magic Dart
Confirm with . or Enter, or press ? or * to list all spells.
Aiming: Magic Dart
Press: ? - help, Shift-Dir - straight line, f/p - orc priest
Aim: an orc priest, wielding a falchion and wearing a scale mail (lightly wounded)
The magic dart hits the orc priest.
The orc priest is moderately wounded.
The orc priest invokes the aid of Beogh against you.
Something smites you!
Ouch! That really hurt!
You die...

.# #.# #.# # .#.#
)# .#.#.# #.#
.#.#.#.# #).##
#.#.#.#.#o#..
.... #.#.#.#@#)#
...# ♣♣
#.#.#.#.## #.#♣P♣
#.#.#.#.# #.P§.♣
#.#.#.## #.♣§♣♣
#.#.#.#.# #.P♣§♣
###.).### #♣P..♣P
###..## #.♣PP♣.
##..## #♣.♣♣.♣
##..########.P.♣♣


You could see an orc priest.

Vanquished Creatures
  An orc wizard (D:3)
  3 river rats (D:3)
  2 adders (D:2)
  An ooze (D:1)
  A worm (D:3)
  2 giant geckos
  4 orcs (D:3)
  7 bats
  A giant cockroach (D:3)
  8 goblins
  A hobgoblin (D:2)
  4 jackals (D:1)
  A ball python (D:3)
  A giant newt (D:2)
  4 kobolds
  8 rats
  A plant (D:3)
50 creatures vanquished.

Notes
Turn   | Place    | Note
--------------------------------------------------------------
     0 | D:1      | Ordine the Deep Elf Wizard began the quest for the Orb.
     0 | D:1      | Reached XP level 1. HP: 10/10 MP: 7/7
   181 | D:1      | Reached XP level 2. HP: 13/15 MP: 0/9
   268 | D:1      | Learned a level 2 spell: Blink
   271 | D:1      | Learned a level 2 spell: Repel Missiles
  1126 | D:2      | Found a stormy altar of Qazlal.
  1130 | D:2      | Found a shadowy altar of Dithmenos.
  1133 | D:2      | Found a deep blue altar of Sif Muna.
  1261 | D:2      | Reached XP level 3. HP: 19/19 MP: 4/11
  1463 | D:3      | Found a sparkling altar of Nemelex Xobeh.
  1486 | D:3      | Noticed Burgietje's ghost (amateur MiFi)
  1513 | D:2      | Reached skill level 5 in Spellcasting
  1611 | D:3      | Learned a level 3 spell: Conjure Flame
  1615 | D:3      | Learned a level 3 spell: Mephitic Cloud
  1673 | D:3      | Reached XP level 4. HP: 24/24 MP: 1/13
  1792 | D:3      | Found an iron altar of Okawaru.
  2032 | D:3      | Reached skill level 1 in Air Magic
  2039 | D:3      | Killed from afar by an orc priest

Vault maps used:
D:1:      dpeg_arrival_castle, moated_statue, minmay_splitting_lines
D:2:      grunt_temple_overflow_diamond
D:3:      wad_woods_stonehenge, first_bread, minivault_23, minivault_5,
          nemelex_altar_shiori

Action                   |  1- 3 |  4- 6 || total
-------------------------+-------+-------++-------
Melee: Unarmed           |     2 |       ||     2
       Dagger            |       |    25 ||    25
 Cast: Magic Dart        |    82 |    39 ||   121
       Repel Missiles    |     1 |       ||     1
       Mephitic Cloud    |       |     1 ||     1
  Use: Scroll            |    10 |       ||    10
       Potion            |       |     1 ||     1
  Eat: Chunk             |     2 |     1 ||     3
